 Dungeon Crawl Stone Soup version 0.30-a0-1008-g30c9307041 (webtiles) character file.

Game seed: 17029262119934630797

4508 DeathPants the Carver (level 10, -7/84 HPs)
             Began as a Demonspawn Gladiator on Apr 5, 2023.
             Was an Initiate of Gozag.
             Mangled by an orc warrior
             ... wielding a +0 mace
             ... led by an orc knight
              (15 damage)
             ... on level 11 of the Dungeon.
             The game lasted 00:24:47 (8480 turns).

DeathPants the Carver (Demonspawn Gladiator)        Turns: 8480, Time: 00:24:47

Health: -7/84      AC: 13    Str: 24    XL:     10   Next: 16%
Magic:  10/10      EV: 14    Int: 11    God:    Gozag
Gold:   413        SH:  5    Dex: 18    Spells: 9/9 levels left

rFire   . . .      SeeInvis .    a - +3 scimitar (venom)
rCold   . . .      Faith    .    (no shield)
rNeg    . . .      Spirit   .    F - +0 acid dragon scales
rPois   +          Reflect  +    c - +0 helmet
rElec   .          Rampage  .    K - +0 cloak of Orthodoxy {+Blink +Inv Str+4}
rCorr   +                        r - +0 pair of gloves
Will    .....                    (no boots)
Stlth   +                        L - amulet of reflection
HPRegen 0.34/turn                n - ring of poison resistance
MPRegen 0.12/turn                u - +6 ring of strength

@: about to teleport
A: claws 1, rugged brown scales 3, powered by death 1, spiny 2
a: Renounce Religion, Evoke Blink, Evoke Invisibility, Potion Petition, Call
Merchant, Bribe Branch


You were on level 11 of the Dungeon.
You worshipped Gozag.
Gozag was aware of your devotion.
You visited 2 branches of the dungeon, and saw 13 of its levels.
You also visited: Ossuary.

You collected 1049 gold pieces.
You spent 578 gold pieces at shops.
You paid 58 gold pieces to Gozag.

Inventory:

Hand Weapons
 a - a +3 scimitar of venom (weapon)
 b - a +1 scimitar of flaming
 d - a +2 short sword of protection
Missiles
 e - 7 javelins
 h - 15 poisoned darts
 q - 9 silver boomerangs
 A - 8 boomerangs
 C - 3 boomerangs of dispersal
 G - a throwing net (quivered)
Armour
 c - a +0 helmet (worn)
 r - a +0 pair of gloves (worn)
 y - a +0 cloak
 D - a +0 buckler
 E - a +0 cloak
 F - +0 acid dragon scales (worn)
 K - the +0 cloak of Orthodoxy (worn) {+Blink +Inv Str+4}
   (You bought it in a shop on level 1 of the Dungeon)

   Str:       It affects your strength (+4).
   +Inv:      It lets you turn invisible.
   +Blink:    It lets you blink.
Jewellery
 n - a ring of poison resistance (left hand)
 u - a +6 ring of strength (right hand)
 I - a ring of willpower
 L - an amulet of reflection (around neck)
 M - a ring of fire
Wands
 p - a wand of flame (30)
 t - a wand of digging (7)
Scrolls
 f - 2 scrolls of fog
 g - 2 scrolls of teleportation
 k - a scroll of blinking
 m - 4 scrolls of magic mapping
 H - a scroll of identify
Potions
 i - a potion of cancellation
 j - a potion of berserk rage
 l - 2 potions of ambrosia
 o - 4 potions of heal wounds
 s - 3 potions of flight
 v - 2 potions of curing
 w - a potion of invisibility {unknown}
 x - a potion of brilliance {unknown}
 z - 3 potions of degeneration {unknown}
 B - 3 potions of haste {unknown}
 J - 2 potions of magic {unknown}
 N - 2 potions of might {unknown}


   Skills:
 + Level 7.3 Fighting
 * Level 9.7 Long Blades
 - Level 1.7 Throwing
 - Level 3.9 Armour
 - Level 4.9 Dodging
 + Level 4.7 Shields


You had 9 spell levels left.
You didn't know any spells.
Your spell library contained the following spells:

 Spells                   Type           Power      Damage    Failure   Level
 Freeze                   Ice            0%         1d3       41%         1
 Shock                    Conj/Air       0%         1d3       41%         1
 Cigotuvi's Dreadful Rot  Necr/Pois/Air  0%         N/A       54%         2
 Dazzling Flash           Conj/Hex       0%         N/A       78%         3
 Frozen Ramparts          Ice            0%         1d1       78%         3
 Hailstorm                Conj/Ice       0%         3d3       78%         3
 Ignite Poison            Fire/Tmut/Pois 0%         N/A       78%         3
 Swiftness                Air            0%         N/A       78%         3
 Vhi's Electric Charge    Tloc/Air       0%         N/A       78%         3
 Volatile Blastmotes      Fire/Tloc      0%         2d10      78%         3
 Airstrike                Air            0%         2d(0-16)  99%         4
 Anguish                  Hex/Necr       0%         N/A       99%         4
 Cause Fear               Hex            0%         N/A       99%         4
 Iskenderun's Mystic Bla  Conj/Tloc      0%         2d3       99%         4
 Arcjolt                  Conj/Air       0%         1d10      100%        5
 Freezing Cloud           Conj/Ice/Air   0%         6-21      100%        5
 Iskenderun's Battlesphe  Conj           0%         2d6       100%        5
 Iron Shot                Conj/Erth      0%         9d1       100%        6
 Starburst                Conj/Fire      0%         6d3       100%        6
 Enfeeble                 Hex            0%         N/A       100%        7
 Spellforged Servitor     Conj/Summ      0%         N/A       100%        7
 Maxwell's Capacitive Co  Air            0%         ∞         100%        8


Dungeon Overview and Level Annotations

Branches:
Dungeon (12/15)            Temple (1/1) D:5            Lair (0/5) D:9
Ossuary (visited)
    Orc: D:9-12

Altars:
Ashenzari
Cheibriados
Dithmenos
Fedhas
Gozag
Hepliaklqana
Makhleb
Okawaru
Ru
Trog
Uskayaw
Vehumet

Shops:
D:1 [   D:6 ==


Innate Abilities, Weirdness & Mutations

You have sharp fingernails.
You are completely covered in rugged brown scales. (AC +3, +7% HP)
You regenerate a little health from kills.
You are mostly covered in sharp spines.


Message History

You now have 413 gold pieces (gained 8).
You see here a +0 spear.
You see here 2 large rocks.
Found 10 gold pieces.
N - 2 murky yellow potions An orc warrior comes into view.
It is wielding a +0 mace.
An orc warrior comes into view. It is wielding a +0 dire flail.
The orc warrior shouts!
You hear a shout! x5
An orc knight comes into view. It is wielding a +0 battleaxe.
You hear a shout!
An orc warrior comes into view. It is wielding a +0 scimitar.
The orc warrior shouts!
An orc comes into view. It is wielding a +0 short sword.
You slash the orc warrior!
The orc warrior is severely wounded.
The orc warrior barely misses you.
An orc wizard comes into view.
It is wielding a +1 dagger of electrocution.
The orc knight roars a battlecry!
The orcs go into a battle-frenzy!
You hear a shout!
You hit the orc warrior.
The orc warrior is poisoned.
The orc warrior is severely wounded.
You block the orc warrior's attack.
As you read the scroll of teleportation, it crumbles to dust.
You feel strangely unstable.
The orc warrior hits you but does no damage.
The orc warrior completely misses you.
You slash the orc warrior!
The orc warrior is poisoned.
The orc warrior is moderately wounded.
The orc warrior hits you with a +0 mace!
* * * LOW HITPOINT WARNING * * *
The orc warrior hits you with a +0 dire flail!
* * * LOW HITPOINT WARNING * * *
You closely miss the orc warrior.
The orc warrior is moderately wounded.
You slash the orc warrior!
The orc warrior is almost dead.
The orc warrior hits you with a +0 mace!
You die...
Your body crumbles into a pile of gold.

^.................$...
$............().......
.....(................
......................
......................
......................
..........>...........
#########.......###...
#.@oo...# .≈≈
#..o....# #...o...#
#.....oo.. $
#.......#. #.......# $
#.......# #.......#


You could see an orc knight, 3 orc warriors, an orc wizard (strong) and an orc
(strong).

Vanquished Creatures
  A cyclops (D:11)
  Maggie (D:7)
  A troll (D:11)
  Sigmund (D:2)
  A wyvern (D:8)
  A wraith (D:12)
  A vampire (D:11)
  Menkaure (D:5)
  A water moccasin (D:8)
  A sky beast (D:7)
  An orc warrior (D:10)
  2 ice beasts
  2 centaurs
  A kobold brigand (D:8)
  A bullfrog (D:4)
  2 scorpions
  14 wights
  A howler monkey (D:4)
  4 hounds
  3 jellies
  5 orc priests
  2 gnoll boudas (D:5)
  Crazy Yiuf (D:5)
  2 sleepcaps (D:5)
  Ijyb (D:5)
  5 iguanas
  Natasha (thrice) (D:2)
  8 orc wizards
  4 mummies (Ossuary)
  12 gnolls
  6 adders
  A white imp (D:8)
  3 ufetubi
  2 worms (D:3)
  A dart slug (D:5)
  34 orcs
  8 ball pythons
  2 endoplasms
  A giant cockroach (D:1)
  8 hobgoblins
  7 jackals
  5 kobolds
  2 quokkas
  A bat (D:1)
  3 frilled lizards
  3 gnoll skeletons (Ossuary)
  A gnoll zombie (Ossuary)
  8 goblins
  4 goblin skeletons (Ossuary)
  8 goblin zombies (Ossuary)
  9 hobgoblin skeletons (Ossuary)
  4 hobgoblin zombies (Ossuary)
  A kobold skeleton (Ossuary)
  2 kobold zombies (Ossuary)
  5 orc skeletons (Ossuary)
  6 orc zombies (Ossuary)
  2 rats (D:2)
  3 rat skeletons (Ossuary)
  4 rat zombies (Ossuary)
228 creatures vanquished.

Vanquished Creatures (others)
  A fungus (D:5)
  A plant (D:1)
2 creatures vanquished.

Grand Total: 230 creatures vanquished

Notes
Turn   | Place    | Note
-------+----------+-------------------------------------------
     0 | D:1      | DeathPants the Demonspawn Gladiator began the quest for the
                  | Orb.
     0 | D:1      | Reached XP level 1. HP: 16/16 MP: 1/1
    22 | D:1      | Found Zanyast's Antique Armour Shoppe.
   285 | D:1      | Gained mutation: You are partially covered in rugged brown
                  | scales. (AC +1, +3% HP) [demonic ancestry]
   285 | D:1      | Reached XP level 2. HP: 13/22 MP: 2/2
   290 | D:1      | Reached skill level 3 in Long Blades
  1124 | D:2      | Reached skill level 1 in Armour
  1124 | D:2      | Gained mutation: You are mostly covered in rugged brown
                  | scales. (AC +2, +5% HP) [demonic ancestry]
  1124 | D:2      | Reached XP level 3. HP: 19/29 MP: 3/3
  1278 | D:2      | Found a shadowy altar of Dithmenos.
  1305 | D:2      | Noticed Sigmund
  1326 | D:2      | Killed Sigmund
  1327 | D:2      | Reached skill level 4 in Long Blades
  1327 | D:2      | Gained mutation: You are partially covered in sharp spines.
                  | [demonic ancestry]
  1327 | D:2      | Reached XP level 4. HP: 9/36 MP: 4/4
  1327 | D:2      | Reached XP level 5. HP: 11/43 MP: 5/5
  1577 | D:2      | Noticed Natasha
  1586 | D:2      | Killed Natasha
  1620 | D:2      | Noticed Natasha
  1628 | D:2      | Killed Natasha
  1867 | D:2      | Noticed Natasha
  1877 | D:2      | Killed Natasha
  1878 | D:2      | Reached XP level 6. HP: 33/49 MP: 6/6
  2468 | D:3      | Reached skill level 5 in Long Blades
  2486 | D:4      | Gained mutation: You are mostly covered in sharp spines.
                  | [demonic ancestry]
  2486 | D:4      | Reached XP level 7. HP: 44/55 MP: 7/7
  2909 | D:5      | Entered Level 5 of the Dungeon
  2909 | D:5      | Noticed Ijyb
  2919 | D:5      | Killed Ijyb
  3078 | D:5      | Found a sand-covered staircase.
  3151 | Ossuary  | Entered an ossuary
  4006 | D:5      | Found a runed translucent door.
  4007 | D:5      | Noticed Crazy Yiuf
  4017 | D:5      | Killed Crazy Yiuf
  4028 | D:5      | Identified the +9 hammer "Xegief" {holy, rCorr}
  4096 | D:5      | Found a staircase to the Ecumenical Temple.
  4130 | Temple   | Entered the Ecumenical Temple
  4260 | Temple   | Became a worshipper of Gozag Ym Sagoz the Greedy
  4329 | D:5      | Noticed Menkaure
  4340 | D:5      | Killed Menkaure
  4341 | D:5      | Reached skill level 6 in Long Blades
  4341 | D:5      | Gained mutation: You regenerate a little health from kills.
                  | [demonic ancestry]
  4341 | D:5      | Reached XP level 8. HP: 7/64 MP: 8/8
  5025 | D:5      | Reached skill level 5 in Fighting
  5035 | D:6      | Found Xyemikh's Jewellery Emporium.
  5229 | D:6      | Found Uxufuel's Jewellery Emporium.
  5356 | D:6      | Reached skill level 1 in Shields
  5362 | D:6      | Reached skill level 7 in Long Blades
  5866 | D:7      | Gained mutation: You are completely covered in rugged brown
                  | scales. (AC +3, +7% HP) [demonic ancestry]
  5866 | D:7      | Reached XP level 9. HP: 58/72 MP: 9/9
  6028 | D:7      | Reached skill level 8 in Long Blades
  6103 | D:7      | Noticed Maggie
  6117 | D:7      | Killed Maggie
  7239 | D:1      | Bought a masterwork cloak for 218 gold pieces
  7239 | D:1      | Identified the +0 cloak of Orthodoxy {+Blink +Inv Str+4}
                  | (You bought it in a shop on level 1 of the Dungeon)
  7680 | D:6      | Bought an amulet of reflection for 360 gold pieces
  7849 | D:8      | Reached skill level 9 in Long Blades
  8064 | D:10     | Entered Level 10 of the Dungeon
  8130 | D:9      | Found a staircase to the Lair.
  8309 | D:9      | You fall into a shaft and drop 2 floors!
  8328 | D:11     | Noticed a troll
  8338 | D:11     | Killed a troll
  8339 | D:11     | Gained mutation: You have sharp fingernails. [demonic
                  | ancestry]
  8339 | D:11     | Reached XP level 10. HP: 63/84 MP: 10/10
  8414 | D:11     | Noticed a cyclops
  8422 | D:11     | Killed a cyclops
  8473 | D:11     | Noticed an orc knight
  8480 | D:11     | Mangled by an orc warrior

Illustrated notes

Levels and vault maps discovered:
D:1:      wander_arrival_peaceful_grave, layout_basic, serial_bayou,
          serial_bayou_lagoon_a, serial_bayou_shore_a, serial_bayou_shore_b,
          serial_bayou_ford_a, serial_shops, nicolae_diamond_shop,
          minmay_misc_feat_encased
D:2:      layout_loops_ring, basic_altar, uniq_sigmund, uniq_natasha
D:3:      layout_loops_cross
D:4:      layout_rooms, serial_corexii_hall, corexii_hall_statues_t,
          chequers_hall_statues_wall_a, abandoned_shop
D:5:      layout_loops_corners, minmay_temple_entry_slanted, enter_ossuary_2,
          minmay_holes, uniq_crazy_yiuf_cottage, uniq_ijyb, uniq_menkaure
D:6:      layout_basic, serial_shops, shop, shop, feat_on_display
D:7:      layout_loops_ring, lemuel_coloured_pillars_altar, grunt_ministairs_13,
          uniq_maggie
D:8:      layout_loops_ring
D:9:      layout_long_grid, david_lair_shrubbed
D:10:     layout_cave_pools, orc_0_dummy, minivault_10
D:11:     cheibrodos_wizards_tower, layout_cross
D:12:     wad_crossroads, layout_irregular_city
Temple:   mainiacjoe_temple_circle_huts

Skill      XL: |  1  2  3  4  5  6  7  8  9 |
---------------+----------------------------+-----
Long Blades    | 3 4 5 6 7 9 |  9.7
Armour         | 1 2 3 |  3.9
Dodging        | 3 4 |  4.9
Fighting       | 3 4 5 7 |  7.3
Shields        | 2 4 |  4.7
Throwing       | |  1.7

Action                     |  1- 3 |  4- 6 |  7- 9 | 10-12 || total
---------------------------+-------+-------+-------+-------++-------
  Melee: Long sword        |   141 |    68 |    39 |       ||   248
         Punch             |       |     2 |     8 |       ||    10
         Short sword       |       |       |   254 |       ||   254
         Scimitar          |       |       |   166 |    26 ||   192
  Throw: Throwing net      |     2 |       |     3 |       ||     5
    Use: Scroll            |       |       |    18 |     1 ||    19
         Potion            |       |       |     1 |       ||     1
   Stab: Sleeping          |       |     1 |       |       ||     1
         Distracted        |       |       |     2 |       ||     2
 Armour: Leather armour    |    77 |    26 |    92 |       ||   195
         Acid dragon scale |       |       |    25 |     6 ||    31
  Dodge: Dodged            |    98 |    37 |   237 |     8 ||   380
  Block: Other             |       |       |     4 |     5 ||     9
         Reflection        |       |       |     1 |       ||     1

Table legend: (Time is in decaauts)
 A = Elapsed time spent in this place.
 B = Non-inter-level travel time spent in this place.
 C = Inter-level travel time spent in this place.
 D = Time resting spent in this place.
 E = Time spent auto-exploring this place.
 F = Levels seen in this place.
 G = Mean time per level.
                   A        B        C        D        E       F      G
               +--------+--------+--------+--------+--------+-----+--------+
         Total |   8549 |   8091 |    458 |    512 |   5251 |  14 |  610.6 |
       Dungeon |   7964 |   7515 |    449 |    512 |   4946 |  12 |  663.7 |
        Temple |    140 |    131 |      9 |      0 |    109 |   1 |  140.0 |
       Ossuary |    444 |    444 |      0 |      0 |    196 |   1 |  444.0 |
               +--------+--------+--------+--------+--------+-----+--------+

Top non-repeatable levels by time:
     D:5: 1191 daAuts
     D:1: 1154 daAuts
     D:2: 1048 daAuts
     D:7: 986 daAuts
     D:3: 832 daAuts
     D:6: 776 daAuts
     D:4: 776 daAuts
     D:8: 704 daAuts
 Ossuary: 444 daAuts
     D:9: 280 daAuts
    D:11: 156 daAuts
  Temple: 140 daAuts
    D:10: 35 daAuts
    D:12: 20 daAuts
